AoeStats
← Trexology

Arabia

510308136Analyzed
1v1 RM · 20h ago on Sep 30, 2026· 38m 18s· 2 players
Game mode
Random Map
Map size
Tiny (2 player)
Population
200
Speed
Normal
Resources
Standard
Victory
Conquest
Starting age
Dark Age
Ending age
Imperial Age
RankedLock teamsTeams togetherTeam positionsShared explorationLock speedFull tech treeHidden civsTurbo modeCheats
Victory
Defeat
🇩🇪 Byzantines · Germany
1077
+15
🇮🇳 Sicilians · India
1066
-15
entsecy
5:22 Loom
10:21 Feudal Age
20:27 Castle Age
20:27 Scale Mail Armor
23:03 Arson
24:10 Squires
26:32 Fletching
34:56 Chain Mail Armor
37:04 Bodkin Arrow
Trexology
7:50 Loom
10:13 Feudal Age
10:57 Double-Bit Axe
10:34 Man-at-Arms
11:18 Horse Collar
18:18 Fletching
21:44 Castle Age
20:14 Padded Archer Armor
23:48 Crossbowman
31:48 Heavy Plow
32:00 Bow Saw
34:46 Scale Barding Armor
34:52 Forging
35:19 Bodkin Arrow
37:51 Chain Barding Armor
38:07 Iron Casting
38:44 Wheelbarrow
Connection lost

Rejoining the realm…

Still unreachable

The connection could not be restored.

Session expired

The server has moved on; the page needs a fresh start.